cohdb
Replays
Latest Replays
All Replays
Popular Replays
Top Player Replays
Match Explorer
How It Works
Community
CoH3 Stats
Reddit
Sign in to upload your games and track your stats! →
Sign in with Steam
Match 45578372
Unlisted
Match 45578372
Overview
Messages
Build Orders
End
Construct Weapon Support Center
Scout Squad
M1919 Machine Gun Team
M1919 Machine Gun Team
Bazooka Squad
Air Support Center
Grasshopper Recon Run
Construct Motor Pool
M1919 Machine Gun Team
M8 Greyhound Armored Car
Construct Medical Station
Grasshopper Recon Run
Engineer Squad
P-47 Strafing Run
Selects Special Operations Battlegroup
Selects Raiding Flares
Selects Raiding Flares
Double Sortie
Grasshopper Recon Run
P-47 Dive Bomb
Air Supply
P-47 Strafing Run
Selects M29 Weasel Recon Vehicle
Selects SSF Commando Squad
SSF Commando Squad
Grasshopper Recon Run
Mortar Pit
P-47 Strafing Run
Grasshopper Recon Run
Construct Tank Depot
Construct Tank Depot
P-47 Strafing Run
P-47 Dive Bomb
Grasshopper Recon Run
P-47 Strafing Run
Selects M29 Weasel Recon Vehicle
Selects Mark Vehicle
Selects UNKNOWN (2162291)
M4A1 Sherman Whizbang
P-47 Dive Bomb
Grasshopper Recon Run
P-47 Strafing Run
乱杀大王
mr.napalman
CAuMOH
✠Kaiser✠ tushkan
0
0
Comments
sign in to comment!
No comments posted yet!